 Dungeon Crawl Stone Soup version 0.29.0-7-g18a832c13a (webtiles) character file.

Game seed: 16749558332271541684

2 Plorgh the Trooper (level 1, -9/24 HPs)
             Began as an Ogre Delver on Aug 31, 2022.
             Mangled by an ice beast (11 damage)
             ... on level 6 of the Dungeon.
             The game lasted 00:01:29 (449 turns).

Plorgh the Trooper (Ogre Delver)                     Turns: 449, Time: 00:01:30

Health: -9/24      AC:  3    Str: 15    XL:     1   Next: 30%
Magic:  1/1        EV:  9    Int: 11    God:
Gold:   0          SH:  0    Dex: 10    Spells: 0/0 levels left

rFire   . . .      SeeInvis .   a - +0 mace
rCold   . . .      Faith    .   (no shield)
rNeg    . . .      Spirit   .   b - +0 robe
rPois   .          Reflect  .   (helmet restricted)
rElec   .          Harm     .   (no cloak)
rCorr   .          Rampage  .   (gloves unavailable)
Will    .....                   (boots unavailable)
Stlth   ++........              (no amulet)
HPRegen 0.08/turn               (no ring)
MPRegen 0.07/turn               (no ring)

@: no status effects
A: large, unfitting armour, tough skin 1
a: no special abilities


You were on level 6 of the Dungeon.
You visited 1 branch of the dungeon, and saw 2 of its levels.

Inventory:

Hand Weapons
 a - a +0 mace (weapon)
Armour
 b - a +0 robe (worn)
 h - an orb of mayhem
Wands
 g - a wand of digging (3)
Scrolls
 c - a scroll of fog
 d - a scroll of magic mapping
Potions
 f - a potion of brilliance {unknown}


   Skills:
 - Level 4.0 Fighting
 - Level 2.0 Maces & Flails
 + Level 1.7 Dodging
 - Level 3.7 Stealth


You couldn't memorise any spells.
You didn't know any spells.
Your spell library was empty.

Dungeon Overview and Level Annotations

Branches:
Dungeon (6/15)
 Temple: D:4-7

Altars:


Innate Abilities, Weirdness & Mutations

You are too large for most types of armour.
You have tough skin. (AC +1)


Message History

The orc is moderately wounded.
The orc closely misses you. The orc barely misses you.
You hit the orc but do no damage.
The orc is moderately wounded.
The orc hits you with a +0 hand axe.
You sock the orc!
You kill the orc!
The ice beast hits you. The ice beast freezes you!
* * * LOW HITPOINT WARNING * * *
Training target 2.0 for Maces & Flails reached!
Your Maces & Flails skill increases to level 2!
You need to enable at least one skill for training.
Okay, then.
As you read the scroll of fear, it crumbles to dust.
You assume a fearsome visage.
The ice beast looks frightened!
Things that are here:
a +0 hand axe; a +0 chain mail
There is an open door here.
You close the door.
You start resting.
You hear the brisk rusting of a very distant drain.
You start resting.
You hear the brisk rusting of a very distant drain.
You start resting.
You hear the brisk rusting of a very distant drain.
You start resting.
You start resting.
An ice beast is nearby!
Found 18 gold pieces.
The ice beast hits you. The ice beast freezes you!
The ice beast attacks as you move away! The ice beast hits you.
The ice beast freezes you.
* * * LOW HITPOINT WARNING * * *
The ice beast attacks as you move away! The ice beast barely misses you.
A two-headed ogre comes into view.
It is wielding a +0 giant club and a +0 dire flail.
You hear the quick rusting of a distant drain.
The ice beast attacks as you move away! The ice beast hits you.
* * * LOW HITPOINT WARNING * * *
The ice beast freezes you!
You die...

#..............#.. ..
#............$.#.. ...
+..............+.. ....
#..............#..
#...#+#..............###
#.....##+##+##.....
#.....# #..... #..O.Y#
#.... #.###.@# #... #.
#...# # #....# ...#+##
###. ##


You could see a two-headed ogre and an ice beast.

Vanquished Creatures
  An orc (D:6)
1 creature vanquished.

Notes
Turn   | Place    | Note
-------+----------+-------------------------------------------
     0 | D:5      | Plorgh the Ogre Delver began the quest for the Orb.
     0 | D:5      | Reached XP level 1. HP: 24/24 MP: 1/1
     1 | D:5      | Noticed a centaur
    13 | D:5      | Noticed an ogre
    44 | D:6      | Noticed an ice beast
   236 | D:6      | Noticed an ice beast
   444 | D:6      | Noticed a two-headed ogre
   449 | D:6      | Mangled by an ice beast

Illustrated notes

Levels and vault maps discovered:
D:5:      layout_gridville, uniq_menkaure, uniq_sigmund, uniq_duvessa
D:6:      layout_gridville, gup_sewer_entry_glass, serial_glass,
          glass_columns_b, glass_columns_c, chequers_garden, minivault_5,
          kb_rosetta

Skill      XL: |  1 |
---------------+----+-----
Maces & Flails | 2 |  2.0
Fighting       | |  4.0
Dodging        | |  1.7
Stealth        | |  3.7

Action                   || total
-------------------------++-------
Melee: Mace              ||     5
  Use: Scroll            ||     1
       Potion            ||     1
Dodge: Dodged            ||     3
